 Dungeon Crawl Stone Soup version 0.27-a0-797-g27d10ad80f (webtiles) character file.

Game seed: 1551005081877351956

36165 Armakuni the Carver (level 13, -2/96 HPs)
             Began as a Djinni Delver on Mar 27, 2021.
             Was a High Priest of Makhleb.
             Slain by Rupert
             ... wielding a +1 vorpal great mace
              (10 damage)
             ... on level 6 of the Lair of Beasts.
             The game lasted 01:00:49 (15940 turns).

Armakuni the Carver (Djinni Delver)                Turns: 15940, Time: 01:00:49

Health: -2/96      AC: 13    Str: 17    XL:     13   Next: 88%
Gold:   894        EV: 16    Int: 13    God:    Makhleb [*****.] SH:  0 Dex: 15

rFire    + + .     SeeInvis .   a - +3 demon blade (elec)
rCold    x . .     Faith    .   (no shield)
rNeg     + . .     Spirit   .   e - +3 ring mail {rN+}
rPois    ∞         Reflect  .   z - +1 hat {Will+}
rElec    .         Harm     .   (no cloak)
rCorr    +         Rampage  .   y - +2 pair of gloves
Will     +++..                  (boots unavailable)
Stlth    ++........             R - amulet of regeneration
HPRegen  1.26/turn              W - ring of willpower
MPRegen  0.00/turn              K - ring of resist corrosion

@: about to teleport, flying
A: fire resistance 2, cold vulnerability 1, float, innate caster, hp casting,
extra vitality 1, beak, repulsion field 1, strong 1
a: Renounce Religion, Minor Destruction, Lesser Servant of Makhleb, Major
Destruction, Greater Servant of Makhleb


You were on level 6 of the Lair of Beasts.
You worshipped Makhleb.
Makhleb was extremely pleased with you.
You visited 2 branches of the dungeon, and saw 17 of its levels.
You also visited: Bailey and Ice Cave.

You collected 1179 gold pieces.
You spent 285 gold pieces at shops.

Inventory:

Hand Weapons
 a - a +3 demon blade of electrocution (weapon)
 b - a +0 great sword of flaming
Missiles
 u - 39 boomerangs (quivered)
Armour
 e - a +3 ring mail of positive energy (worn)
 x - a +0 plate armour of willpower
 y - a +2 pair of gloves (worn)
 z - a +1 hat of willpower (worn)
Jewellery
 K - a ring of resist corrosion (right hand)
 R - an amulet of regeneration (around neck)
 W - a ring of willpower (left hand)
Wands
 d - a wand of polymorph (7)
 g - a wand of digging (17)
 h - a wand of acid (4)
 r - a wand of paralysis (17)
 B - a wand of flame (30)
Scrolls
 c - 5 scrolls of fog
 i - 7 scrolls of identify
 j - a scroll of holy word
 k - a scroll of enchant armour
 o - 7 scrolls of noise
 p - 4 scrolls of immolation
 t - 5 scrolls of teleportation
 C - 2 scrolls of torment
 D - a scroll of magic mapping
 E - 2 scrolls of silence
 F - a scroll of vulnerability
Potions
 f - 6 potions of lignification
 l - 4 potions of ambrosia
 m - 6 potions of mutation
 n - 2 potions of attraction
 q - 5 potions of brilliance
 s - 4 potions of curing
 v - a potion of haste
 w - 4 potions of heal wounds
 A - 5 potions of might
 G - a potion of cancellation
Miscellaneous
 H - a box of beasts


   Skills:
 - Level 10.0 Fighting
 - Level 13.5 Long Blades
 - Level 1.2 Staves
 - Level 10.9 Throwing
 - Level 6.0 Armour
 - Level 7.1 Dodging
 - Level 4.2 Stealth
 + Level 7.2 Invocations
 - Level 3.5 Evocations


You couldn't memorise any spells.
You knew the following spells:

 Your Spells              Type           Power      Damage    Failure   Level
a - Conjure Flame         Conj/Fire      0%         6-21      83%         3
b - Passwall              Tmut/Erth      0%         N/A       61%         2
c - Petrify               Tmut/Erth      0%         N/A       99%         4
d - Sticky Flame          Conj/Fire      0%         2d3       99%         4
e - Fireball              Conj/Fire      0%         3d3       100%        5
z - Shock                 Conj/Air       0%         1d3       45%         1
Your spell library was empty.

Dungeon Overview and Level Annotations

Branches:
Dungeon (11/15)            Temple (0/1) D:6            Lair (6/6) D:11
 Shoals (0/4) Lair:4        Snake (0/4) Lair:3        Slime (0/5) Lair:5
 Bailey (visited)           IceCv (visited)
    Orc: D:9-12

Altars:
Dithmenos
Fedhas
Hepliaklqana
Makhleb
Okawaru
Qazlal
Ru
Trog
Wu Jian
Xom
Zin

Shops:
D:3 :!?   D:8 !(

Annotations:
Lair:6 Rupert


Innate Abilities, Weirdness & Mutations

You are immune to poison.
Your flesh is very heat resistant. (rF++)
You are vulnerable to cold. (rC-)
You float through the air rather than walking.
You learn spells naturally, not from books.
Your magical power is your life essence.
You have superior vitality. (+4 HP)
You have a beak for a mouth.
You are surrounded by a mild repulsion field. (EV +2)
Your muscles are strong. (Str +2)


Message History

You kill the yak!
Makhleb accepts your kill. The yak gores you but does no damage.
Rupert misses you.
Really read the scroll of immolation?
As you read the scroll of immolation, it crumbles to dust.
The creatures around you are filled with an inner flame!
The yak barely misses you.
You riposte.
You hit the yak.
Flame seeps out of the yak.
The yak is lightly wounded.
Rupert roars madly and goes into a rage!
Rupert goes berserk!
The yak is engulfed in blazing flames.
Flame seeps out of the yak.
Rupert barely misses you.
You riposte.
You closely miss Rupert.
Flame seeps out of Rupert.
You peck Rupert.
Rupert is lightly wounded.
You hit Rupert but do no damage.
Rupert is lightly wounded.
Rupert is engulfed in blazing flames.
Flame seeps out of Rupert.
Rupert misses you.
You slash Rupert!
Flame seeps out of Rupert.
Lightning courses through Rupert!
Flame seeps out of Rupert.
You peck Rupert, but do no damage.
Rupert is lightly wounded.
Rupert is engulfed in blazing flames.
Flame seeps out of Rupert.
Rupert hits you with a +1 vorpal great mace!!
As you read the scroll of teleportation, it crumbles to dust.
You feel strangely unstable.
Rupert is engulfed in blazing flames.
Flame seeps out of Rupert.
Rupert completely misses you.
You riposte.
You slash Rupert!
Flame seeps out of Rupert.
Lightning courses through Rupert!!
Flame seeps out of Rupert.
Rupert is moderately wounded.
You slash Rupert!
Flame seeps out of Rupert.
Rupert is heavily wounded.
Rupert is engulfed in blazing flames.
Flame seeps out of Rupert.
Rupert hits you with a +1 vorpal great mace.
You closely miss Rupert. You peck Rupert, but do no damage.
Rupert is heavily wounded.
Rupert is engulfed in blazing flames.
Flame seeps out of Rupert.
Rupert hits you with a +1 vorpal great mace!!!
* * * LOW HITPOINT WARNING * * *
You die...

♣...# ♣....# ....# ....
♣♣..# ♣...##########
♣♣♣..#.#.##.#.###
♣.............#@#
♣♣...##......Y@##
♣...#.#.......F####
♣....###..#...#Y#.####
♣♣♣..# #..P....w.#...###
♣♣...##.P............#.#
♣♣...###P...............###
♣♣♣..# ##..............P#.#
.....#
...................####.


You could see Rupert (berserk, inner flame), a yak and a blink frog (inner
flame).

Vanquished Creatures
  Gastronok (D:9)
  Kirke (Lair:5)
  A dire elephant (Lair:6)
  A hydra (Lair:3)
  A boulder beetle (D:11)
  A catoblepas (Lair:6)
  A death yak (Lair:6)
  A two-headed ogre (D:9)
  A wizard (D:9)
  2 orc knights (Bailey)
  3 elephants (Lair:4)
  2 black mambas
  12 cane toads
  4 komodo dragons (Lair:5)
  2 polar bears (IceCv)
  A queen bee (Lair:5)
  3 meliai (Lair:5)
  2 trolls
  Grinder (D:3)
  A hornet (D:8)
  11 blink frogs
  A snapping turtle (Lair:4)
  A dream sheep (D:11)
  2 wraiths (D:10)
  30 yaks
  A shadow (D:10)
  3 wyverns
  A vampire (D:11)
  3 basilisks
  3 hogs (Lair:5)
  Grum (D:10)
  2 nagas (Lair:3)
  18 water moccasins
  A sky beast (D:8)
  An ice beast (D:5)
  2 orc warriors
  24 wolves
  An ogre (D:5)
  2 centaurs (D:9)
  2 kobold brigands
  2 phantoms
  13 bullfrogs
  A gnoll sergeant (D:5)
  A wyvern zombie (D:7)
  A scorpion (D:5)
  19 killer bees
  4 wights (D:6)
  2 electric eels
  A howler monkey (D:9)
  A crimson imp (D:9)
  5 hounds
  4 gnoll shamans
  5 orc priests
  A bullfrog zombie (D:6)
  2 centaur zombies
  2 centaur skeletons (D:6)
  2 bullfrog skeletons (D:5)
  4 iguanas
  Terence (D:2)
  Natasha (D:2)
  5 orc wizards
  2 hound zombies (D:5)
  A hound skeleton (D:5)
  6 adders
  27 gnolls
  A howler monkey skeleton (D:4)
  2 white imps
  2 worms
  2 dart slugs
  30 orcs
  5 endoplasms
  2 giant cockroaches (D:3)
  6 goblins
  9 hobgoblins
  4 jackals (D:1)
  26 kobolds
  4 quokkas
  3 ball pythons (D:1)
  3 bats
  3 frilled lizards
  5 rats
372 creatures vanquished.

Vanquished Creatures (collateral kills)
  Josephine (D:10)
  2 boulder beetles
  An elephant (Lair:4)
  3 cane toads
  A komodo dragon (Lair:6)
  3 wraiths (D:10)
  4 yaks
  3 water moccasins
  An orc warrior (D:9)
  A wolf (IceCv)
  A bullfrog (Lair:4)
  3 orc wizards
  3 orcs
27 creatures vanquished.

Vanquished Creatures (others)
  4 dream sheep (D:11)
  A frilled lizard (D:3)
  5 bushes (D:11)
  16 fungi
  38 plants
64 creatures vanquished.

Grand Total: 463 creatures vanquished

Notes
Turn   | Place    | Note
-------+----------+-------------------------------------------
     0 | D:5      | Armakuni the Djinni Delver began the quest for the Orb.
     0 | D:5      | Reached XP level 1. HP: 20/20 MP: 0/0
    37 | D:3      | Found a stormy altar of Qazlal.
    49 | D:3      | Noticed an orc priest
    51 | D:3      | Noticed an orc wizard
   263 | D:4      | Reached skill level 2 in Long Blades
   263 | D:4      | Reached XP level 2. HP: 25/25 MP: 0/0
   307 | D:3      | Found Virhuops's Book Shop.
   458 | D:3      | Noticed Grinder
   463 | D:3      | Paralysed by Grinder for 5 turns
   542 | D:3      | Found Nuadom's Magic Scroll Boutique.
   553 | D:4      | Reached XP level 3. HP: 31/31 MP: 0/0
   553 | D:4      | Learned a level 1 spell: Shock
   756 | D:3      | Reached XP level 4. HP: 28/37 MP: 0/0
   884 | D:3      | You are sucked into a shaft and drop 2 floors!
   891 | D:5      | Noticed a gnoll sergeant
  1110 | D:3      | Reached skill level 3 in Long Blades
  1637 | D:1      | Reached XP level 5. HP: 41/41 MP: 0/0
  1637 | D:1      | Learned a level 2 spell: Passwall
  1915 | D:1      | You are sucked into a shaft and drop 1 floor!
  1935 | D:2      | Reached skill level 1 in Staves
  2106 | D:2      | Noticed Natasha
  2115 | D:2      | Killed Natasha
  2386 | D:2      | Noticed Terence
  2392 | D:2      | Killed Terence
  2393 | D:2      | Reached skill level 4 in Long Blades
  3019 | D:3      | Reached XP level 6. HP: 47/47 MP: 0/0
  3126 | D:3      | Paralysed by Grinder for 3 turns
  3134 | D:3      | Killed Grinder
  3135 | D:3      | Reached skill level 5 in Long Blades
  3135 | D:3      | Reached XP level 7. HP: 43/52 MP: 0/0
  3135 | D:3      | Learned a level 3 spell: Conjure Flame
  3140 | D:3      | Bought a scroll of identify for 22 gold pieces
  3140 | D:3      | Bought 2 scrolls of identify for 44 gold pieces
  3334 | D:3      | Found Nuxzu's Distillery.
  3340 | D:3      | Bought a potion of attraction for 33 gold pieces
  3586 | D:4      | Identified the +0 trident of Ejuys {vorpal, rElec rF- Will+
                  | Int+2}
  3674 | D:4      | Found an iron altar of Okawaru.
  3674 | D:4      | Found a burning altar of Makhleb.
  3674 | D:4      | Found a stormy altar of Qazlal.
  3681 | D:4      | Became a worshipper of Makhleb the Destroyer
  3857 | D:5      | Reached skill level 6 in Long Blades
  4042 | D:5      | Reached skill level 7 in Long Blades
  4385 | D:5      | Identified a scroll of acquirement
  4385 | D:5      | Acquired a manual of Throwing
  4388 | D:5      | Gained mutation: You are surrounded by a mild repulsion
                  | field. (EV +2) [potion of mutation]
  4388 | D:5      | Gained mutation: Your muscles are strong. (Str +2) [potion
                  | of mutation]
  4388 | D:5      | Gained mutation: You have a beak for a mouth. [potion of
                  | mutation]
  4400 | D:5      | Reached XP level 8. HP: 29/58 MP: 0/0
  5011 | D:5      | Reached skill level 8 in Long Blades
  5322 | D:6      | Found a staircase to the Ecumenical Temple.
  5328 | D:6      | Reached * piety under Makhleb
  5982 | D:6      | Reached skill level 9 in Long Blades
  6052 | D:6      | Found a blossoming altar of Fedhas.
  6073 | D:6      | Found an ornate altar of the Wu Jian Council.
  6255 | D:6      | Reached XP level 9. HP: 36/62 MP: 0/0
  6255 | D:6      | Learned a level 4 spell: Petrify
  6386 | D:6      | Found a sacrificial altar of Ru.
  6390 | D:6      | Found a bloodstained altar of Trog.
  6512 | D:6      | Found a hazy altar of Hepliaklqana.
  6918 | D:7      | Reached skill level 10 in Long Blades
  7236 | D:7      | Reached skill level 1 in Evocations
  7475 | D:7      | Found a shadowy altar of Dithmenos.
  7498 | D:7      | Reached skill level 5 in Fighting
  7675 | D:8      | Found Jaghupt's Distillery.
  7680 | D:8      | Bought a potion of heal wounds for 65 gold pieces
  7690 | D:8      | Found Pijuefynn's Antique Weapon Shoppe.
  7695 | D:8      | Noticed a hornet
  7709 | D:8      | Killed a hornet
  7719 | D:8      | Reached ** piety under Makhleb
  7757 | D:8      | Found a flagged portal.
  7768 | Bailey   | Entered a bailey
  7897 | Bailey   | Reached skill level 1 in Throwing
  7917 | Bailey   | Noticed an orc knight
  7917 | Bailey   | Noticed an orc knight
  7986 | Bailey   | Killed an orc knight
  7987 | Bailey   | Reached skill level 5 in Throwing
  8017 | Bailey   | Killed an orc knight
  8018 | Bailey   | Reached XP level 10. HP: 48/72 MP: 0/0
  8044 | Bailey   | Found a bloodstained altar of Trog.
  8069 | Bailey   | Identified the +3 leather armour "Retuasm" {MP+9}
  8513 | D:8      | Reached *** piety under Makhleb
  8613 | D:3      | Bought a potion of heal wounds for 55 gold pieces
  8702 | D:3      | Bought a scroll of teleportation for 33 gold pieces
  8702 | D:3      | Bought a scroll of teleportation for 33 gold pieces
  8877 | D:9      | Reached skill level 1 in Invocations
  8948 | D:9      | Noticed a two-headed ogre
  8953 | D:9      | Killed a two-headed ogre
  8961 | D:9      | Noticed a wizard
  8967 | D:9      | Killed a wizard
  9100 | D:9      | Found a glowing silver altar of Zin.
  9126 | D:9      | You are sucked into a shaft and drop 1 floor!
  9126 | D:10     | Entered Level 10 of the Dungeon
  9401 | D:9      | Noticed Gastronok
  9417 | D:9      | Killed Gastronok
  9418 | D:9      | Reached skill level 10 in Throwing
  9418 | D:9      | Reached XP level 11. HP: 76/76 MP: 0/0
  9418 | D:9      | Learned a level 4 spell: Sticky Flame
  9981 | D:10     | Noticed Josephine
  9998 | D:10     | Killed Josephine
 10303 | D:10     | Noticed Grum
 10318 | D:10     | Killed Grum
 10810 | D:11     | Noticed a boulder beetle
 10825 | D:11     | Killed a boulder beetle
 10826 | D:11     | Reached skill level 11 in Long Blades
 10911 | D:11     | Found a shimmering altar of Xom.
 11138 | D:11     | Found a staircase to the Lair.
 11179 | D:11     | Reached XP level 12. HP: 84/88 MP: 0/0
 11416 | Lair:1   | Entered Level 1 of the Lair of Beasts
 11463 | Lair:1   | Reached **** piety under Makhleb
 12239 | Lair:2   | Reached skill level 12 in Long Blades
 12899 | Lair:3   | Reached skill level 10 in Fighting
 12963 | Lair:3   | Reached skill level 1 in Armour
 13055 | Lair:3   | Acquired a +2 demon blade of electrocution
 13069 | Lair:3   | Noticed a boulder beetle
 13092 | Lair:3   | Killed a boulder beetle
 13226 | Lair:3   | Found a staircase to the Snake Pit.
 13266 | Lair:3   | Found a frozen archway.
 13386 | Lair:3   | Noticed a seven-headed hydra
 13392 | Lair:3   | Killed a seven-headed hydra
 13467 | IceCv    | Entered an ice cave
 13541 | IceCv    | Noticed a death yak
 13915 | Lair:4   | Reached skill level 13 in Long Blades
 13918 | Lair:4   | Reached XP level 13. HP: 96/96 MP: 0/0
 13918 | Lair:4   | Learned a level 5 spell: Fireball
 13979 | Lair:4   | Reached skill level 5 in Dodging
 14023 | Lair:4   | Reached ***** piety under Makhleb
 14045 | Lair:4   | Identified the +8 broad axe "Weixeor" {vorpal, rF+}
 14599 | Lair:4   | Found a staircase to the Shoals.
 14689 | Lair:5   | Found a staircase to the Slime Pits.
 14767 | Lair:5   | Reached skill level 5 in Armour
 15021 | Lair:5   | Noticed Kirke
 15360 | Lair:5   | Killed Kirke
 15560 | Lair:6   | Entered Level 6 of the Lair of Beasts
 15560 | Lair:6   | Noticed Rupert
 15630 | Lair:6   | Reached skill level 5 in Invocations
 15813 | Lair:6   | Noticed a dire elephant
 15824 | Lair:6   | Killed a dire elephant
 15940 | Lair:6   | Slain by Rupert

Illustrated notes

Levels and vault maps discovered:
D:1:      roderic_crossed_star, layout_loops_ring
D:2:      layout_basic, uniq_natasha, uniq_terence
D:3:      layout_basic, serial_shops, shop, nicolae_shop_trees, shop,
          grunt_qazlal_clouds, uniq_grinder
D:4:      layout_rooms, gammafunk_temple_overflow_claw, corexii_leaking_fountain
D:5:      layout_basic
D:6:      layout_loops_ring, nzn_hepliaklqana_mist_gate,
          grunt_temple_overflow_cloverleaf, minmay_temple_entry_ruins
D:7:      layout_basic, grunt_dithmenos_smoke_and_mirrors
D:8:      layout_rooms, serial_shops, shop, shop, enter_bailey_7
D:9:      layout_cave_pods, basic_altar, lightli_wizard_tower, uniq_gastronok
D:10:     layout_loops_ring, uniq_grum, uniq_josephine
D:11:     layout_cave_pools, minmay_lair_entry_grove, kb_xom_exploding_sheep
Lair:1:   layout_concentric_octagons, lemuel_fruit_fields, lemuel_fruit_fields,
          serial_bayou_shore_a
Lair:2:   layout_chaotic_city, serial_forest, infiniplex_forest_clump_long,
          infiniplex_forest_lined_2, infiniplex_forest_end_2,
          infiniplex_forest_pool, infiniplex_forest_straight_3,
          infiniplex_forest_straight_4, infiniplex_forest_corner_1,
          infiniplex_forest_corner_1, infiniplex_forest_zigzag_1,
          lemuel_fruit_tree
Lair:3:   layout_loops_ring, guppyfry_snake_entry_garden,
          portal_ice_cave_entry_pillars_1, serial_bayou_shore_b
Lair:4:   layout_long_grid, minmay_shoals_entry_hut
Lair:5:   layout_long_grid, dpeg_slime_entry_corner, special_room
          [special_room_bee], serial_bayou_shore_b, serial_bayou_shore_b,
          uniq_kirke
Lair:6:   evil_forest, layout_gridlike, uniq_rupert

Skill      XL: |  1  2  3  4  5  6  7  8  9 10 11 12 13 |
---------------+----------------------------------------+-----
Long Blades    | 2 3 4 5 7 9 10 11 13 | 13.5
Fighting       | 4 5 8 10 | 10.0
Staves         | 1 |  1.2
Evocations     | 3 |  3.5
Throwing       | 7 10 | 10.9
Invocations    | 4 7 |  7.2
Armour         | 3 6 |  6.0
Dodging        | 4 7 |  7.1
Stealth        | |  4.2

Action                   |  1- 3 |  4- 6 |  7- 9 | 10-12 | 13-15 || total
-------------------------+-------+-------+-------+-------+-------++-------
Melee: Falchion          |    54 |    26 |       |       |       ||    80
       Quarterstaff      |       |    77 |    52 |       |       ||   129
       Peck              |       |       |    46 |   107 |    60 ||   213
       Great sword       |       |       |    95 |     7 |       ||   102
       Scimitar          |       |       |   124 |   438 |       ||   562
       Demon blade       |       |       |       |    76 |   208 ||   284
Throw: Boomerang         |       |       |    45 |    21 |     7 ||    73
 Cast: Shock             |       |       |     2 |       |       ||     2
Invok: Lesser Servant of |       |       |       |    15 |     7 ||    22
       Minor Destruction |       |       |       |     1 |       ||     1
       Major Destruction |       |       |       |     1 |       ||     1
Evoke: Wand              |       |       |    27 |    19 |     4 ||    50
  Use: Scroll            |     3 |     6 |     7 |     8 |     9 ||    33
       Potion            |     2 |     1 |     4 |     3 |       ||    10
 Stab: Sleeping          |     1 |     7 |     3 |     4 |     2 ||    17
       Distracted        |       |     1 |     4 |     3 |     6 ||    14
       Confused          |       |       |     2 |       |       ||     2
       Paralysed         |       |       |       |     5 |       ||     5
       Petrified         |       |       |       |       |     2 ||     2
Armor: Leather armour    |     4 |       |       |       |       ||     4
       Ring mail         |    13 |    32 |    50 |   147 |    37 ||   279
Dodge: Dodged            |    43 |    61 |   134 |   297 |   107 ||   642
Block: Other             |       |     3 |    56 |       |       ||    59
       Rpst.: Falchion   |    13 |     3 |       |       |       ||    16
       Great sword       |       |       |    19 |     6 |       ||    25
       Scimitar          |       |       |    16 |    72 |       ||    88
       Demon blade       |       |       |       |    14 |    37 ||    51

Table legend: (Time is in decaauts)
 A = Elapsed time spent in this place.
 B = Non-inter-level travel time spent in this place.
 C = Inter-level travel time spent in this place.
 D = Time resting spent in this place.
 E = Time spent auto-exploring this place.
 F = Levels seen in this place.
 G = Mean time per level.
                   A        B        C        D        E       F      G
               +--------+--------+--------+--------+--------+-----+--------+
         Total |  15882 |  14863 |   1019 |   2464 |   7785 |  19 |  835.9 |
       Dungeon |  11134 |  10341 |    793 |   2357 |   4833 |  11 | 1012.2 |
          Lair |   4277 |   4051 |    226 |     42 |   2932 |   6 |  712.8 |
        Bailey |    360 |    360 |      0 |     32 |      0 |   1 |  360.0 |
      Ice Cave |    110 |    110 |      0 |     33 |     20 |   1 |  110.0 |
               +--------+--------+--------+--------+--------+-----+--------+

Top non-repeatable levels by time:
     D:5: 1534 daAuts
     D:6: 1372 daAuts
     D:4: 1327 daAuts
     D:3: 1261 daAuts
     D:2: 1122 daAuts
     D:9: 977 daAuts
    D:10: 943 daAuts
  Lair:3: 890 daAuts
  Lair:5: 881 daAuts
  Lair:2: 826 daAuts
  Lair:4: 760 daAuts
     D:7: 759 daAuts
     D:8: 629 daAuts
    D:11: 617 daAuts
     D:1: 587 daAuts
